 Dungeon Crawl Stone Soup version 0.29.1-4-g47bece8355 (webtiles) character file.

Game seed: 3378350582676268358

53 concernfroge the Trooper (level 3, -2/31 HPs)
             Began as a Mummy Monk on Dec 3, 2022.
             Slain by a river rat (3 damage)
             ... in a sewer.
             The game lasted 00:03:22 (2065 turns).

concernfroge the Trooper (Mummy Monk)               Turns: 2065, Time: 00:03:23

Health: -2/31      AC:  3    Str: 16    XL:     3   Next: 62%
Magic:  3/3        EV: 12    Int:  9    God:
Gold:   36         SH:  0    Dex: 14    Spells: 2/2 levels left

rFire   . . .      SeeInvis .   a - +1 spear
rCold   + . .      Faith    .   (no shield)
rNeg    + + +      Spirit   .   d - +0 leather armour
rPois   ∞          Reflect  .   (no helmet)
rElec   .          Harm     .   (no cloak)
rCorr   .          Rampage  .   (no gloves)
Will    .....                   (no boots)
Stlth   ++........              (no amulet)
HPRegen 0.10/turn               c - ring of protection from fire
MPRegen 0.08/turn               (no ring)

@: no status effects
A: cold resistance 1, negative energy resistance 3, torment resistance 2, heat
vulnerability 1, in touch with death 1, no potions
a: no special abilities


You were in a sewer.
You visited 1 branch of the dungeon, and saw 3 of its levels.
You also visited: Sewer.

You collected 36 gold pieces.

Inventory:

Hand Weapons
 a - a +1 spear (weapon)
Armour
 d - a +0 leather armour (worn)
Magical Staves
 b - a staff of fire
Jewellery
 c - a ring of protection from fire (left hand)
Scrolls
 e - a scroll of teleportation


   Skills:
 + Level 4.7 Fighting
 - Level 2.4 Polearms
 - Level 2.4 Dodging
 - Level 1.5 Stealth


You had 2 spell levels left.
You didn't know any spells.
Your spell library contained the following spells:

 Spells                   Type           Power      Damage    Failure   Level
 Summon Ice Beast         Ice/Summ       0%         N/A       99%         4
 Summon Mana Viper        Hex/Summ       0%         N/A       100%        5
 Monstrous Menagerie      Summ           0%         N/A       100%        7


Dungeon Overview and Level Annotations

Branches:
Dungeon (3/15)              Sewer (1/1)

Altars:


Innate Abilities, Weirdness & Mutations

You are immune to poison.
Your flesh is cold resistant. (rC+)
You are immune to negative energy. (rN+++)
You are immune to unholy pain and torment.
You are vulnerable to heat. (rF-)
You are in touch with the powers of death.
You do not drink.


Message History

You kill the river rat!
The rat barely misses you.
You hit the rat.
You kill the rat!
The rat bites you.
You closely miss the rat. The rat bites you.
You hit the rat.
You kill the rat!
You reach to attack!
You hit the river rat but do no damage. You barely miss the river rat.
The river rat bites you!
You barely miss the river rat. The river rat closely misses you.
You barely miss the river rat. The river rat completely misses you.
You hit the river rat.
The river rat is heavily wounded.
The river rat bites you.
You barely miss the river rat.
The river rat is heavily wounded.
The river rat bites you.
You are too injured to fight recklessly!
You are too injured to fight recklessly!
Throw: 2 boomerangs (disperse)
Press: ? - help, Q - select action Shift-Dir - straight line, f/p - river rat
Aim: a river rat (heavily wounded, 57% to hit)
You throw a boomerang of dispersal.
The boomerang of dispersal closely misses the river rat.
The river rat bites you!
* * * LOW HITPOINT WARNING * * *
The river rat bites you.
* * * LOW HITPOINT WARNING * * *
Throw: boomerang (disperse)
Press: ? - help, Q - select action Shift-Dir - straight line, f/p - river rat
Aim: a river rat (heavily wounded, 57% to hit)
You throw a boomerang of dispersal.
The boomerang of dispersal hits the river rat but does no damage.
The river rat is heavily wounded.
The river rat closely misses you.
You hit the river rat but do no damage.
The river rat is heavily wounded.
The river rat bites you.
You die...

#########
#..†@r.~#
#~~~~~∩†~~..#
~~~~~#####~~~.~
~..# #~~. .~ ~.
~ .


You could see a river rat.

Vanquished Creatures
  An adder (D:2)
  A river rat (Sewer)
  A dart slug (D:1)
  3 ball pythons
  An endoplasm (D:1)
  A giant cockroach (D:1)
  6 goblins (D:1)
  5 hobgoblins
  A jackal (D:2)
  3 kobolds (D:1)
  2 quokkas (D:1)
  A frilled lizard (D:1)
  5 rats
31 creatures vanquished.

Notes
Turn   | Place    | Note
-------+----------+-------------------------------------------
     0 | D:1      | concernfroge the Mummy Monk began the quest for the Orb.
     0 | D:1      | Reached XP level 1. HP: 18/18 MP: 1/1
   387 | D:1      | Reached XP level 2. HP: 12/24 MP: 2/2
   892 | D:1      | Found a faded altar of an unknown god.
   998 | D:1      | Reached skill level 4 in Fighting
  1500 | D:1      | Gained mutation: You are in touch with the powers of death.
                  | [Mummy growth]
  1500 | D:1      | Reached XP level 3. HP: 16/30 MP: 3/3
  1680 | D:3      | Found a glowing drain.
  1691 | D:3      | HP: 1/31 [ball python (1)]
  2044 | Sewer    | Entered a sewer
  2063 | Sewer    | HP: 1/31 [river rat (3)]
  2065 | Sewer    | Slain by a river rat

Illustrated notes

Levels and vault maps discovered:
D:1:      amcnicky_arrival_underground_garden, layout_loops_corners,
          basic_ecumenical_altar, serial_bayou_crossing
D:2:      layout_rooms
D:3:      layout_loops_ring, cheibrodos_sewer_entry_drain
Sewer:    sewer_hellmonk_bad_rat

Skill      XL: |  1  2 |
---------------+-------+-----
Fighting       | 4 |  4.7
Polearms       | |  2.4
Dodging        | |  2.4
Stealth        | |  1.5

Action                   || total
-------------------------++-------
Melee: Spear             ||   115
Throw: Boomerang         ||     4
  Use: Scroll            ||     3
 Stab: Sleeping          ||     4
Armor: Robe              ||     8
       Leather armour    ||     2
Dodge: Dodged            ||    56
